AoeStats
← Labelgique001

Black Forest

510563172Analyzed
4v4 RM · 24h ago on Oct 1, 2026· 46m 27s· 8 players
Game mode
Random Map
Map size
Large (8 player)
Population
200
Speed
Normal
Resources
Standard
Victory
Conquest
Starting age
Dark Age
Ending age
Imperial Age
RankedLock teamsTeams togetherTeam positionsShared explorationLock speedFull tech treeHidden civsTurbo modeCheats
Victory
Defeat
🇨🇱 Spanish · Chile
1201
+17
🇲🇽 Huns · Mexico
1197
+17
🇫🇷 Saracens · France
1179
+18
🇫🇷 Italians · France
1172
+18
🇨🇳 Ethiopians · China
1289
-20
🇦🇷 Gurjaras · Argentina
1220
-18
🇨🇳 Franks · China
1182
-16
🇦🇷 Hindustanis · Argentina
1178
-16
TheRev9426
0:45 Loom
10:49 Feudal Age
19:35 Double-Bit Axe
23:26 Castle Age
24:58 Bow Saw
26:14 Horse Collar
27:19 Wheelbarrow
27:35 Town Watch
28:41 Gold Mining
28:44 Stone Mining
29:21 Heavy Plow
34:23 Imperial Age
32:13 Bloodlines
32:22 Scale Barding Armor
33:10 Husbandry
33:40 Hand Cart
34:50 Gold Shaft Mining
34:55 Husbandry
35:56 Chain Barding Armor
35:36 Cavalier
36:30 Forging
37:48 Plate Barding Armor
38:52 Iron Casting
40:32 Paladin
42:35 Blast Furnace
45:21 Guilds
46:25 Fletching
Labelgique001
7:33 Loom
13:06 Feudal Age
18:59 Castle Age
17:02 Gold Mining
17:00 Double-Bit Axe
19:57 Scale Barding Armor
20:07 Bloodlines
19:57 Husbandry
22:21 Bow Saw
22:49 Fletching
27:06 Horse Collar
28:48 Town Watch
29:36 Chain Barding Armor
31:01 Wheelbarrow
35:04 Imperial Age
34:40 Heavy Plow
35:03 Hand Cart
36:47 Plate Barding Armor
35:59 Elite Mameluke
37:48 Chemistry
37:14 Ballistics
37:05 Masonry
37:46 Coinage
37:17 Caravan
37:55 Conscription
38:15 Forging
41:04 Siege Engineers
Ponz
10:56 Feudal Age
15:56 Castle Age
28:41 Loom
29:35 Fletching
33:08 Wheelbarrow
38:02 Imperial Age
36:22 Padded Archer Armor
36:19 Double-Bit Axe
36:16 Horse Collar
37:21 Hand Cart
36:53 Town Watch
37:24 Hand Cart
38:27 Leather Archer Armor
39:19 Conscription
38:38 Elite Conquistador
39:17 Gold Mining
39:17 Stone Mining
40:22 Bow Saw
41:22 Chemistry
42:17 Ring Archer Armor
42:31 Heavy Plow
43:20 Scale Barding Armor
43:57 Ballistics
44:07 Inquisition
43:30 Cavalier
44:21 Bloodlines
44:11 Husbandry
45:04 Bodkin Arrow
45:30 Chain Barding Armor
46:44 Stone Shaft Mining
45:35 Paladin
tretts
1:19 Loom
11:45 Feudal Age
12:44 Double-Bit Axe
15:07 Gold Mining
16:26 Fletching
20:24 Castle Age
18:20 Horse Collar
21:01 Padded Archer Armor
21:50 Bodkin Arrow
21:25 Crossbowman
23:58 Fishing Lines
24:54 Leather Archer Armor
27:19 Ballistics
32:40 Imperial Age
30:58 Gillnets
31:51 Thumb Ring
34:27 Chemistry
33:03 Arbalester
34:56 Bracer
36:27 Ring Archer Armor
36:54 Conscription
37:57 Pirotechnia
40:43 Elite Skirmisher
42:52 Elite Genoese Crossbowman
46:40 Caravan
SimonGood
0:29 Loom
11:36 Feudal Age
12:11 Double-Bit Axe
13:21 Fletching
14:24 Horse Collar
16:23 Forging
21:13 Castle Age
21:19 Crossbowman
24:54 Bodkin Arrow
34:34 Bow Saw
37:33 Gold Mining
El loro
11:34 Feudal Age
13:00 Wheelbarrow
15:59 Castle Age
14:25 Double-Bit Axe
18:11 Loom
21:11 Bloodlines
23:10 Gold Mining
23:48 Forging
26:27 Horse Collar
30:12 Bow Saw
31:55 Gold Shaft Mining
32:07 Heavy Plow
36:29 Husbandry
36:51 Hand Cart
37:13 Fletching
38:54 Padded Archer Armor
38:50 Bodkin Arrow
39:04 Thumb Ring
42:03 Imperial Age
41:12 Ballistics
42:25 Elite Elephant Archer
44:44 Bracer
45:45 Heavy Camel Rider
945100118
11:16 Feudal Age
14:55 Castle Age
13:19 Double-Bit Axe
25:06 Husbandry
25:44 Scale Barding Armor
38:06 Imperial Age
35:46 Ordonnance Companies
38:11 Wheelbarrow
37:22 Town Watch
37:22 Loom
37:43 Scale Mail Armor
38:35 Forging
39:51 Chain Mail Armor
40:11 Iron Casting
40:38 Elite Throwing Axeman
42:30 Town Patrol
42:46 Hand Cart
42:40 Chivalry
43:18 Hoardings
42:37 Cavalier
45:05 Gold Mining
Fat Bastard
0:48 Loom
12:09 Feudal Age
18:58 Castle Age
18:11 Fletching
18:54 Double-Bit Axe
21:57 Wheelbarrow
26:37 Hand Cart
26:58 Bow Saw
31:36 Horse Collar
32:04 Fishing Lines
32:32 Heavy Plow
32:34 Gold Mining
36:31 Imperial Age
34:28 Padded Archer Armor
35:50 Fortified Wall
35:51 Town Watch
36:55 Gold Shaft Mining
36:13 Stone Mining
36:55 Ballistics
37:31 Stone Shaft Mining
38:15 Chemistry
38:25 Leather Archer Armor
38:54 Shatagni
40:56 Ring Archer Armor
Connection lost

Rejoining the realm…

Still unreachable

The connection could not be restored.

Session expired

The server has moved on; the page needs a fresh start.